 Dungeon Crawl Stone Soup version 0.30.0-10-gfe55d96785 (webtiles) character file.

Game seed: 4964145095517986384

91 RascalDebosk the Magician (level 4, -4/31 HPs)
             Began as a Djinni Air Elementalist on May 14, 2023.
             Slain by Blork the orc
             ... wielding a +4 glaive
              (5 damage)
             ... on level 4 of the Dungeon.
             The game lasted 00:13:19 (2181 turns).

RascalDebosk the Magician (Djinni Air Elementalist) Turns: 2181, Time: 00:13:19

Health: -4/31      AC:  2    Str:  7    XL:     4   Next: 87%
Gold:   181        EV: 12    Int: 23    God:
                   SH:  0    Dex: 13

rFire   + + .        p - +5 falchion of Imminent Death {spect, rElec rPois rC- Int+4}
rCold   . . .        (no shield)
rNeg    . . .        a - +0 robe
rPois   ∞            (no helmet)
rElec   +            (no cloak)
rCorr   .            (no gloves)
SInv    .            (boots unavailable)
Will    .....        (no amulet)
Stlth   ++           i - ring of protection from cold
HPRegen 0.25/turn    m - ring of protection from cold
MPRegen 0.00/turn

%: infuse magic (-5 HP)
@: flying, very slightly contaminated
A: sickness immunity, fire resistance 2, cold vulnerability 1, float, innate
caster, HP casting, extra vitality 1
a: no special abilities


You were on level 4 of the Dungeon.
You visited 1 branch of the dungeon, and saw 4 of its levels.

You collected 181 gold pieces.

Inventory:

Hand Weapons
 p - the +5 falchion of Imminent Death (weapon) {spect, rElec rPois rC- Int+4}
   (You found it on level 3 of the Dungeon)

   Int:       It affects your intelligence (+4).
   rC:        It makes you vulnerable to cold.
   rElec:     It insulates you from electricity.
   rPois:     It protects you from poison.
 s - a +2 dagger of holy wrath
Armour
 a - a +0 robe (worn)
Jewellery
 i - a ring of protection from cold (left hand)
 m - a ring of protection from cold (right hand)
Wands
 q - a wand of paralysis (7)
Scrolls
 b - a scroll of vulnerability {unknown}
 c - a scroll of fog {unknown}
 d - 2 scrolls of teleportation {unknown}
 g - 3 scrolls of identify {unknown}
 h - a scroll of amnesia {unknown}
 k - 2 scrolls of noise {unknown}
 n - a scroll of silence {unknown}
 o - a scroll of fear {unknown}
Potions
 e - a potion of invisibility {unknown}
 f - a potion of mutation {unknown}
 j - a potion of curing {unknown}
 l - 2 potions of heal wounds {unknown}
 r - a potion of ambrosia {unknown}
 t - a potion of flight {unknown}


   Skills:
 * Level 0.4 Fighting
 - Level 2.1 Dodging
 + Level 1.5 Stealth
 * Level 4.0 Spellcasting
 + Level 0.1 Evocations


You knew the following spells:

 Your Spells              Type           Power      Damage    Failure   Level
a - Shock                 Conj/Air       92%        1d8       1%          1
b - Static Discharge      Conj/Air       46%        2-4/arc   3%          2
c - Swiftness             Air            23%        N/A       6%          3
d - Airstrike             Air            11%        2d(2-18)  21%         4
e - Freeze                Ice            92%        1d9       1%          1
Your spell library was empty.

Dungeon Overview and Level Annotations

Branches:
Dungeon (4/15)
 Temple: D:4-7

Altars:

Annotations:
D:4 Blork the orc


Innate Abilities, Weirdness & Mutations

You are immune to sickness and miasma.
You are immune to poison.
Your flesh is very heat resistant. (rF++)
You are vulnerable to cold. (rC-)
You float through the air rather than walking.
You learn spells naturally, not from books.
Your magical power is your life essence.
You have superior vitality. (+4 MHP)


Message History

There is a stone staircase leading down here.
Found a stone staircase leading up.
l - 2 pink potions (gained 1)
Found a quarterstaff.
Found a robe.
You see here a +0 quarterstaff.
There is a stone staircase leading down here.
Found a leather armour.
Casting: Shock (safe; 1% risk of failure)
Confirm with . or Enter, or press ? or * to list all spells.
You can't see any susceptible monsters within range! (Use Z to cast anyway.)
Casting: Shock (safe; 1% risk of failure)
Confirm with . or Enter, or press ? or * to list all spells.
You can't see any susceptible monsters within range! (Use Z to cast anyway.)
Casting: Shock (safe; 1% risk of failure)
Confirm with . or Enter, or press ? or * to list all spells.
You can't see any susceptible monsters within range! (Use Z to cast anyway.)
Found a stone staircase leading down.
Found a war axe.
You see here a +0 war axe.
A quokka comes into view.
A quokka is nearby!
Casting: Shock (safe; 1% risk of failure)
Confirm with . or Enter, or press ? or * to list all spells.
The spell is extremely dangerous to miscast (21% risk of failure)!
Continue anyway?
Aiming: Airstrike (extremely dangerous; 21% risk of failure)
Press: ? - help, Dir - move target, f - quokka
Aim: a quokka (asleep, empty space bonus: 6/8)
The air twists around and strikes the quokka!!
You kill the quokka!
An endoplasm comes into view.
m - a ring of protection from cold (right hand)
An endoplasm is nearby!
Found a sling.
Casting: Airstrike (extremely dangerous; 21% risk of failure)
Confirm with . or Enter, or press ? or * to list all spells.
Aiming: Shock (safe; 1% risk of failure)
Press: ? - help, Shift-Dir - straight line, f - endoplasm
Aim: an endoplasm (wandering, hasn't noticed you, 98% to hit)
The zap hits the endoplasm!
You kill the endoplasm!
Blork the orc comes into view.
He is wielding a +4 glaive.
Blork the orc shouts!
Casting: Shock (safe; 1% risk of failure)
Confirm with . or Enter, or press ? or * to list all spells.
The spell is extremely dangerous to miscast (21% risk of failure)!
Continue anyway?
Aiming: Airstrike (extremely dangerous; 21% risk of failure)
Press: ? - help, Dir - move target, f - Blork the orc
Aim: Blork the orc, wielding a +4 glaive and wearing a +0 robe (empty space bonus: 8/8)
The air twists around and strikes Blork the orc!
Blork the orc is moderately wounded.
Blork the orc points at you and mumbles some strange words.
The puff of frost hits you!
Casting: Airstrike (extremely dangerous; 21% risk of failure)
Confirm with . or Enter, or press ? or * to list all spells.
The spell is extremely dangerous to miscast (21% risk of failure)!
Continue anyway?
Aiming: Airstrike (extremely dangerous; 21% risk of failure)
Press: ? - help, Dir - move target, f/p - Blork the orc
Aim: Blork the orc, wielding a +4 glaive and wearing a +0 robe (moderately wounded, empty space bonus: 8/8)
You miscast Airstrike.
You are very lightly contaminated with residual magic.
You feel a sudden electric shock. You resist.
* * * LOW HITPOINT WARNING * * *
* * * LOW HITPOINT WARNING * * *
Blork the orc looks encouraged for a moment.
Blork the orc gestures at you while chanting.
The magic dart hits you.
* * * LOW HITPOINT WARNING * * *
Blork the orc miscasts a cantrip.
Your magical contamination has completely faded away.
Blork the orc casts a spell.
Blork the orc seems to speed up.
You see here a +0 war axe.
Blork the orc miscasts a cantrip.
Blork the orc points at you and mumbles some strange words.
The puff of flame hits you. You resist.
* * * LOW HITPOINT WARNING * * *
Casting: Airstrike (extremely dangerous; 21% risk of failure)
Confirm with . or Enter, or press ? or * to list all spells.
The spell is extremely dangerous to miscast (21% risk of failure)!
Continue anyway?
Aiming: Airstrike (extremely dangerous; 21% risk of failure)
Press: ? - help, Dir - move target, f/p - Blork the orc
Aim: Blork the orc, wielding a +4 glaive and wearing a +0 robe (lightly wounded, fast, empty space bonus: 6/8)
The air twists around and strikes Blork the orc!
Blork the orc is heavily wounded.
* * * LOW HITPOINT WARNING * * *
Blork the orc grunts loudly.
Casting: Airstrike (extremely dangerous; 21% risk of failure)
Confirm with . or Enter, or press ? or * to list all spells.
The spell is extremely dangerous to miscast (21% risk of failure)!
Continue anyway?
Aiming: Airstrike (extremely dangerous; 21% risk of failure)
Press: ? - help, Dir - move target, f/p - Blork the orc
Aim: Blork the orc, wielding a +4 glaive and wearing a +0 robe (heavily wounded, fast, empty space bonus: 8/8)
You miscast Airstrike.
You are very lightly contaminated with residual magic.
You feel a sudden electric shock. You resist.
* * * LOW HITPOINT WARNING * * *
* * * LOW HITPOINT WARNING * * *
Blork the orc hits you from afar with a +4 glaive.
You die...

....#........# #.#
....#........# #.#
#####........###.## #
#.............# #
#.............#
#####....)........#
.........###...o..#
.........#######.#######
................@.......
.........#######.#######
.........#######.#
..........o......#
.........#########
##......###
####.#...####
#.###....######
..#.......o....


You could see Blork the orc (fast).

Vanquished Creatures
  2 adders (D:2)
  A shadow imp (D:4)
  An ufetubus (D:4)
  A worm (D:2)
  2 dart slugs
  An orc (D:3)
  A ball python (D:3)
  3 endoplasms
  2 giant cockroaches
  5 goblins
  4 hobgoblins
  7 jackals
  5 kobolds
  2 quokkas
  A bat (D:2)
  9 frilled lizards
  4 rats (D:1)
51 creatures vanquished.

Notes
Turn   | Place    | Note
-------+----------+-------------------------------------------
     0 | D:1      | RascalDebosk the Djinni Air Elementalist began the quest
                  | for the Orb.
     0 | D:1      | RascalDebosk set off with the following spells memorised:
                  | Shock, Static Discharge, Swiftness, Airstrike.
     0 | D:1      | Reached XP level 1. HP: 15/15 MP: 0/0
   118 | D:1      | Reached XP level 2. HP: 18/21 MP: 0/0
   193 | D:1      | Reached skill level 3 in Spellcasting
   368 | D:1      | Reached XP level 3. HP: 22/25 MP: 0/0
   368 | D:1      | Learned a level 1 spell: Freeze
   955 | D:2      | Reached XP level 4. HP: 28/31 MP: 0/0
  1479 | D:3      | Found a faded altar of an unknown god.
  1612 | D:3      | Identified the +5 falchion of Imminent Death {spect, rElec
                  | rPois rC- Int+4}
  1942 | D:4      | Reached skill level 4 in Spellcasting
  2143 | D:4      | Noticed Blork the orc
  2181 | D:4      | HP: 1/31 [something (3)]
  2181 | D:4      | Slain by Blork the orc

Illustrated notes

Levels and vault maps discovered:
D:1:      psy_arrival_fountain, layout_loops_ring, supply_closet_lemuel,
          minmay_lizard_pond
D:2:      layout_loops_ring
D:3:      layout_basic, hellmonk_ecumenical_altar_arch_garden
D:4:      layout_basic, serial_demonic, serial_demonic_g, serial_demonic_b,
          serial_demonic_b, serial_demonic_b, uniq_blork_the_orc

Skill      XL: |  1  2  3  4 |
---------------+-------------+-----
Spellcasting   | 3 4 |  4.0
Fighting       | |  0.4
Dodging        | |  2.1
Stealth        | |  1.5
Evocations     | |  0.1

Action                     |  1- 3 |  4- 6 || total
---------------------------+-------+-------++-------
  Melee: Falchion          |       |     1 ||     1
   Cast: Shock             |    72 |    33 ||   105
         Airstrike         |       |     3 ||     3
         Static Discharge  |       |     1 ||     1
   Stab: Sleeping          |       |     1 ||     1
  Dodge: Dodged            |     2 |     1 ||     3
